 Dungeon Crawl Stone Soup version 0.29-a0-384-g6960b1960d (webtiles) character file.

Game seed: 5915049373661576786

707 BlueGoblin the Changer (level 7, 0/55 HPs)
             Began as a Yellow Draconian Transmuter on May 7, 2022.
             Slain by a gnoll sergeant
             ... wielding a +0 trident
              (6 damage)
             ... on level 5 of the Dungeon.
             The game lasted 00:11:43 (6801 turns).

BlueGoblin the Changer (DrTm)                       Turns: 6801, Time: 00:11:43

Health: 0/55       AC:  6    Str: 14    XL:     7   Next: 40%
Magic:  19/19      EV: 12    Int: 12    God:
Gold:   142        SH:  0    Dex: 11    Spells: 3/10 levels left

rFire   . . .      SeeInvis .     - Unarmed
rCold   . . .      Faith    .   (no shield)
rNeg    . . .      Spirit   .   (body armour unavailable)
rPois   .          Reflect  .   (helmet currently unavailable)
rElec   .          Harm     .   (no cloak)
rCorr   +          Rampage  .   (no gloves)
Will    +....                   (boots currently unavailable)
Stlth   +.........              (no amulet)
HPRegen 0.18/turn               g - ring of Fyukizet {+Blink Will+}
MPRegen 0.16/turn               k - ring of magical power

@: appendages, flying
A: horns 2, talons 2, spit acid, AC +6, unfitting armour, cold-blooded, acid
resistance, dopey 1, mutation resistance 1
a: Breathe Acid, End Transformation, Evoke Blink


You were on level 5 of the Dungeon.
You had temporarily grown beastly horns and talons.
You visited 1 branch of the dungeon, and saw 5 of its levels.
You also visited: Sewer.

You collected 142 gold pieces.

Inventory:

Armour
 f - a +1 pair of boots (melded)
Jewellery
 c - a ring of flight
 g - the ring of Fyukizet (left hand) {+Blink Will+}
   (You found it on level 3 of the Dungeon)

   [ring of willpower]

   +Blink:    It lets you blink.
   Will:      It increases your willpower.
 k - a ring of magical power (right hand)
Wands
 o - a wand of iceblast (8)
Scrolls
 b - 4 scrolls of teleportation
 j - a scroll of magic mapping
Potions
 a - a potion of attraction {unknown}
 d - a potion of curing {unknown}
 e - 2 potions of resistance
 i - 2 potions of mutation


   Skills:
 + Level 2.0 Fighting
 + Level 3.1 Dodging
 + Level 5.2 Unarmed Combat
 - Level 2.0 Spellcasting
 * Level 5.3 Transmutations
 * Level 3.2 Ice Magic


You had 3 spell levels left.
You knew the following spells:

 Your Spells              Type           Power      Damage    Failure   Level
a - Beastly Appendage     Tmut           26%        N/A       3%          1
b - Ice Form              Ice/Tmut       11%        N/A       43%         4
q - Wereblood             Tmut           13%        N/A       4%          2

Your spell library contained the following spells:

 Spells                   Type           Power      Damage    Failure   Level
 Spider Form              Tmut/Pois      7%         N/A       28%         3


Dungeon Overview and Level Annotations

Branches:
Dungeon (5/15)              Sewer (visited)
 Temple: D:4-7

Altars:

Annotations:
D:3 2 runed translucent doors, Bruhh's ghost, amateur MfMo


Innate Abilities, Weirdness & Mutations

You have temporarily grown beastly horns and talons.
You can spit globs of acid.
Your golden yellow scales are hard. (AC +6)
You cannot fit into any form of body armour.
You are cold-blooded and may be slowed by cold attacks.
You are resistant to acid. (rCorr)
You are dopey. (Int -2)
You are somewhat resistant to further mutation.


Message History

The gnoll sergeant blocks your attack. x2
The gnoll sergeant is moderately wounded.
You barely miss the gnoll sergeant. You claw the gnoll sergeant.
You headbutt the gnoll sergeant. You tail-slap the gnoll sergeant.
The gnoll sergeant is heavily wounded.
The gnoll sergeant closely misses you.
You hit the gnoll sergeant but do no damage.
The gnoll sergeant is heavily wounded.
The gnoll sergeant hits you with a +0 trident!
You hit the gnoll sergeant. You claw the gnoll sergeant.
The gnoll sergeant blocks your attack.
The gnoll sergeant is severely wounded.
The gnoll sergeant hits you with a +0 trident.
You hit the gnoll sergeant but do no damage.
You claw the gnoll sergeant.
The gnoll sergeant is severely wounded.
The gnoll sergeant hits you with a +0 trident!
You are too injured to fight recklessly!
You are too injured to fight recklessly!
You hit the gnoll sergeant but do no damage.
The gnoll sergeant blocks your attack. x2
The gnoll sergeant is severely wounded.
The gnoll sergeant closely misses you.
You hit the gnoll sergeant but do no damage.
Your headbutt misses the gnoll sergeant.
The gnoll sergeant is severely wounded.
The gnoll sergeant hits you with a +0 trident!
* * * LOW HITPOINT WARNING * * *
It was a potion of mutation.
You feel extremely strange.
You feel stupid.
You feel genetically stable.
The gnoll sergeant hits you with a +0 trident.
* * * LOW HITPOINT WARNING * * *
Okay, then.
Okay, then.
It was a potion of flight.
You feel very buoyant.
You fly up into the air.
You have got your breath back.
The gnoll sergeant hits you with a +0 trident.
You die...

#..# ##.## #..##
##..# ###..##
######.##
##.....###.......#
##..............###
##........<.######
#### #........@###
...# #........g)#
...## #..........##
....##
##..........#
.....##
#..........#
......#
##........##
......## ###..#####
.......# #..#
.......#####..#


You could see a gnoll sergeant.

Vanquished Creatures
  A black bear (D:5)
  A centaur (D:5)
  A kobold brigand (Sewer)
  An orc priest (D:3)
  An iguana (D:4)
  An orc wizard (D:3)
  Natasha (twice) (D:3)
  6 gnolls
  15 adders
  3 river rats (Sewer)
  4 worms
  A dart slug (D:3)
  9 orcs
  5 endoplasms
  3 giant cockroaches
  5 goblins
  8 hobgoblins
  3 jackals (Sewer)
  2 quokkas (D:1)
  15 ball pythons
  7 bats
  7 frilled lizards
  13 kobolds
  4 rats
118 creatures vanquished.

Vanquished Creatures (others)
  5 plants (Sewer)
5 creatures vanquished.

Grand Total: 123 creatures vanquished

Notes
Turn   | Place    | Note
-------+----------+-------------------------------------------
     0 | D:1      | BlueGoblin the Draconian Transmuter began the quest for the
                  | Orb.
     0 | D:1      | Reached XP level 1. HP: 16/16 MP: 3/3
   436 | D:1      | Reached XP level 2. HP: 23/23 MP: 3/5
   489 | D:1      | Found a faded altar of an unknown god.
   679 | D:1      | HP: 1/23 [gnoll/+0 whip (8)]
  1176 | D:1      | Reached skill level 1 in Ice Magic
  1176 | D:1      | Reached XP level 3. HP: 25/28 MP: 4/6
  2213 | D:3      | Identified the ring of Fyukizet {+Blink Will+}
  2307 | D:3      | Reached XP level 4. HP: 22/35 MP: 5/7
  2318 | D:3      | Learned a level 2 spell: Wereblood
  2471 | D:3      | Noticed Natasha
  2487 | D:3      | Killed Natasha
  2995 | D:3      | Reached XP level 5. HP: 11/40 MP: 5/8
  3538 | D:3      | Found a large runed translucent door.
  3538 | D:3      | Found a large runed translucent door.
  3540 | D:3      | Noticed Bruhh's ghost (amateur MfMo)
  3578 | D:3      | Noticed Natasha
  3594 | D:3      | Killed Natasha
  4218 | D:3      | Learned a level 4 spell: Ice Form
  4334 | D:4      | Reached XP level 6. HP: 48/48 MP: 7/9
  4746 | D:4      | Found a glowing drain.
  4770 | Sewer    | Entered a sewer
  6198 | D:5      | Entered Level 5 of the Dungeon
  6285 | D:5      | Reached skill level 5 in Unarmed Combat
  6285 | D:5      | Reached skill level 5 in Transmutations
  6285 | D:5      | Your scales start taking on a golden yellow colour.
  6285 | D:5      | Reached XP level 7. HP: 44/53 MP: 10/10
  6285 | D:5      | Gained mutation: You are resistant to acid. (rCorr) [Yellow
                  | Draconian growth]
  6800 | D:5      | Gained mutation: You are dopey. (Int -2) [potion of
                  | mutation]
  6800 | D:5      | Gained mutation: You are somewhat resistant to further
                  | mutation. [potion of mutation]
  6801 | D:5      | Slain by a gnoll sergeant

Illustrated notes

Levels and vault maps discovered:
D:1:      evilmike_arrival_crescent, layout_basic,
          shapermc_ecumenical_altar_starsandcircs
D:2:      layout_basic
D:3:      layout_loops_cross, ebering_ghost_disaster_area, minmay_snake_closets,
          uniq_natasha
D:4:      layout_basic, cheibrodos_sewer_entry_drain,
          chequers_serial_rivers_small_b
D:5:      layout_cave_pods, minmay_temple_entry_statues_fountains,
          chequers_serial_rivers_small_a

Skill      XL: |  1  2  3  4  5  6  7 |
---------------+----------------------+-----
Ice Magic      | 1 2 3 |  3.2
Dodging        | 2 3 |  3.1
Transmutations | 3 4 5 |  5.3
Unarmed Combat | 4 5 |  5.2
Fighting       | 2 |  2.0
Spellcasting   | |  2.0

Action                   |  1- 3 |  4- 6 |  7- 9 || total
-------------------------+-------+-------+-------++-------
Melee: Unarmed           |   118 |   241 |    23 ||   382
       Kick              |    24 |    56 |     7 ||    87
       Headbutt          |    15 |    30 |     4 ||    49
       Punch             |     6 |     7 |       ||    13
       Tailslap          |    10 |    26 |     3 ||    39
 Cast: Beastly Appendage |    26 |    43 |     5 ||    74
       Wereblood         |       |     3 |     2 ||     5
 Abil: Evoke Blink       |     2 |       |       ||     2
       Breathe Acid      |       |       |     4 ||     4
  Use: Potion            |     1 |     3 |     2 ||     6
       Scroll            |       |    10 |       ||    10
 Stab: Sleeping          |       |     1 |       ||     1
Armor: Skin              |    30 |   105 |     5 ||   140
Dodge: Dodged            |    72 |   138 |    27 ||   237

Table legend: (Time is in decaauts)
 A = Elapsed time spent in this place.
 B = Non-inter-level travel time spent in this place.
 C = Inter-level travel time spent in this place.
 D = Time resting spent in this place.
 E = Time spent auto-exploring this place.
 F = Levels seen in this place.
 G = Mean time per level.
                   A        B        C        D        E       F      G
               +--------+--------+--------+--------+--------+-----+--------+
         Total |   6934 |   6714 |    220 |   1201 |   4504 |   6 | 1155.7 |
       Dungeon |   5918 |   5698 |    220 |   1201 |   3671 |   5 | 1183.6 |
         Sewer |   1016 |   1016 |      0 |      0 |    832 |   1 | 1016.0 |
               +--------+--------+--------+--------+--------+-----+--------+

Top non-repeatable levels by time:
     D:3: 2006 daAuts
     D:1: 1672 daAuts
     D:4: 1388 daAuts
   Sewer: 1016 daAuts
     D:2: 535 daAuts
     D:5: 316 daAuts
